Map: Incorporeal LE

Players

超高校级的泰伦

  • Race: Terran Terran
  • League: Diamond

炸酥肉 - Winner!

  • Race: Protoss Protoss
  • League: Master

VOD

Have the link to the VOD?

Description

Time

  • Played on: Oct. 22, 2025, 7:47 a.m.
  • Length: 11:13
Show
View Real Time Build Order
Export as new Build Order

超高校级的泰伦 Terran 

Build Orders: Reaper Expand 

Get SALT Encoding   

  12  0:00  SCV  
  13  0:12  SCV  
  14  0:17  Supply Depot  
  14  0:24  SCV  
  15  0:38  SCV  
  15  0:39  Barracks  
  16  0:42  Refinery  
  16  0:50  SCV  
  17  1:03  SCV  
  18  1:15  SCV  
  19  1:26  Reaper  
  19  1:27  Orbital Command  
  20  1:40  Command Center  
  20  1:55  SCV  
  20  2:00  Marine  
  20  2:01  Supply Depot  
  22  2:07  Factory  
  22  2:09  SCV  
  22  2:14  Refinery  
  23  2:20  Barracks Reactor  
  23  2:28  Bunker  
  22  2:45  SCV  
  23  2:52  Starport  
  23  2:53  Hellion  
  24  3:00  Orbital Command  
  24  3:03  Marine  
  24  3:04  Marine  
  26  3:05  SCV  
  27  3:15  Factory Tech Lab  
  27  3:18  SCV  
  28  3:27  SCV  
  28  3:30  Viking  
  28  3:31  Marine x2  
  33  3:34  SCV  
  33  3:41  SCV  
  38  3:47  Siege Tank  
  38  3:49  Marine x2  
  38  3:51  SCV  
  38  3:53  SCV  
  42  3:56  Supply Depot  
  42  4:03  Starport Tech Lab  
  42  4:05  Barracks  
  42  4:09  Command Center  
  42  4:12  SCV x2  
  44  4:24  SCV x2  
  46  4:25  Siege Tank  
  46  4:29  Barracks, Marine  
  50  4:32  Marine  
  50  4:33  Starport Reactor  
  51  4:38  Barracks  
  51  4:45  Supply Depot  
  51  4:48  Supply Depot  
  51  4:49  Marine  
  52  4:54  SCV x2  
  57  5:07  SCV x2  
  59  5:14  Marine x2  
  59  5:19  Engineering Bay  
  59  5:21  Marine, Refinery  
  64  5:22  Refinery  
  64  5:24  Orbital Command  
  64  5:26  Medivac x2  
  64  5:28  Stimpack  
  63  5:34  SCV x2  
  65  5:36  Marauder  
  65  5:37  Combat Shield  
  67  5:46  SCV  
  67  5:47  SCV, Supply Depot  
  69  5:56  SCV  
  70  5:57  Marauder  
  70  5:58  Marauder, SCV  
  70  5:59  Marine, SCV  
  70  6:00  Marine  
  76  6:06  Supply Depot  
  76  6:08  Terran Infantry Weapons Level 1  
  76  6:17  SCV x2  
  76  6:18  Medivac x2  
  82  6:20  Orbital Command  
  82  6:25  Marine x2, Marauder x2  
  88  6:44  Factory Reactor  
  88  6:48  Barracks  
  88  6:49  Barracks  
  88  6:52  Orbital Command  
  87  6:54  Marauder  
  87  6:55  Marauder  
  85  7:05  Marine  
  85  7:06  Marine  
  85  7:10  Supply Depot  
  85  7:13  Viking x2  
  89  7:16  Marauder x2  
  89  7:20  Widow Mine x2  
  89  7:21  SCV  
  89  7:22  SCV x2  
  100  7:26  Armory  
  100  7:28  Marine x2  
  100  7:29  Engineering Bay  
  102  7:34  SCV  
  102  7:35  SCV  
  102  7:36  SCV, Missile Turret  
  105  7:37  Barracks Tech Lab  
  105  7:38  Barracks Reactor  
  105  7:48  Marine x4  
  105  7:49  Widow Mine x2  
  113  7:51  Supply Depot  
  113  7:52  Concussive Shells  
  113  8:04  Supply Depot  
  113  8:07  Marine x2  
  113  8:10  Orbital Command  
  113  8:11  Widow Mine x2  
  123  8:13  Medivac x2  
  123  8:16  Terran Infantry Armor Level 1  
  123  8:25  Marine x2  
  123  8:26  Marine x3, Marauder x2  
  132  8:41  Widow Mine  
  127  8:42  SCV x2  
  127  8:43  Marine x2  
  127  8:44  Marauder  
  127  8:48  Marine, Widow Mine  
  134  8:55  Missile Turret, Supply Depot  
  134  8:56  Supply Depot  
  105  9:21  Marine  
  105  9:22  Marine x6  
  91  9:36  Orbital Command  
  83  9:39  Marine x2  
  83  9:40  Marine  
  83  9:41  Marine x2  
  83  9:44  Marine  
  83  9:45  Marine  
  87  9:46  SCV x2  
  89  9:54  Medivac  
  89  9:57  Marine x2  
  89  9:58  Marine x2, SCV x2  
  97  10:07  SCV  
  97  10:08  Marine  
  97  10:09  Marine  
  97  10:10  SCV, Marine  
  97  10:12  SCV  
  103  10:17  Marine x2  
  103  10:19  Marine x2, SCV  
  108  10:22  SCV  
  108  10:23  Orbital Command  
  108  10:25  SCV  
  108  10:27  Marine x2  
  112  10:28  Marine  
  112  10:34  SCV  
  114  10:37  Marine x3  
  114  10:42  Armory  
  117  10:43  Refinery  
  117  10:44  Refinery  
  117  10:51  Marine x2  
  117  10:52  Marine  
  117  10:53  Marine  
  117  10:55  Marine x2  
Show
View Real Time Build Order
Export as new Build Order

炸酥肉 Protoss - Winner!

Build Orders: 1 Gate Expand, Blink Stalkers, Colossus Rush 

Get SALT Encoding   

  12  0:00  Probe  
  13  0:12  Probe  
  14  0:18  Pylon  
  14  0:24  Probe  
  15  0:34  Probe  
  15  0:36  Gateway  
  15  0:42  Probe  
  16  0:47  Assimilator  
  17  0:51  Probe  
  18  1:03  Probe  
  19  1:16  Probe  
  20  1:23  Cybernetics Core  
  20  1:32  Nexus  
  20  1:36  Probe  
  21  1:42  Pylon  
  21  1:48  Assimilator  
  21  1:49  Probe  
  21  1:50  Adept  
  24  2:01  Probe  
  25  2:09  Shield Battery  
  25  2:13  Probe  
  25  2:14  Warp Gate  
  26  2:19  Stalker  
  28  2:28  Probe  
  29  2:40  Probe  
  29  2:42  Probe  
  30  2:48  Twilight Council  
  30  2:50  Probe  
  31  2:51  Sentry  
  31  2:52  Probe  
  35  3:01  Blink  
  35  3:02  Probe  
  35  3:04  Probe  
  37  3:14  Probe  
  37  3:16  Probe  
  39  3:22  Gateway  
  39  3:26  Probe  
  38  3:27  Gateway  
  38  3:29  Probe  
  39  3:38  Probe  
  39  3:39  Pylon  
  39  3:41  Probe  
  41  3:50  Probe  
  41  3:53  Probe  
  43  3:56  Nexus  
  43  4:02  Probe  
  44  4:04  Stalker  
  44  4:05  Probe  
  44  4:08  Pylon  
  47  4:16  Probe  
  48  4:17  Stalker  
  50  4:24  Robotics Facility  
  50  4:26  Forge  
  50  4:28  Probe, Stalker  
  53  4:32  Stalker  
  53  4:36  Pylon  
  53  4:37  Probe  
  56  4:40  Probe  
  56  4:42  Protoss Ground Weapons Level 1  
  57  4:46  Stalker  
  57  4:49  Probe  
  57  4:52  Probe, Charge  
  61  5:00  Gateway  
  61  5:01  Probe  
  61  5:02  Gateway  
  62  5:13  Gateway  
  62  5:14  Gateway  
  62  5:16  Gateway  
  62  5:20  Probe x2  
  65  5:21  Probe  
  65  5:23  Observer  
  66  5:29  Pylon  
  66  5:32  Probe  
  66  5:33  Sentry, Zealot  
  71  5:36  Probe  
  71  5:37  Probe  
  71  5:38  Pylon  
  71  5:41  Colossus  
  73  5:44  Stalker, Probe  
  73  5:48  Probe  
  73  5:49  Probe  
  78  5:50  Warp Prism  
  78  5:56  Probe  
  78  5:58  Pylon  
  78  6:00  Probe  
  78  6:01  Probe  
  80  6:06  Pylon  
  80  6:09  Probe, Zealot x2  
  80  6:11  Pylon  
  85  6:12  Probe  
  85  6:13  Probe  
  87  6:21  Probe  
  87  6:24  Probe  
  89  6:26  Pylon  
  89  6:32  Pylon  
  89  6:33  Zealot x7  
  89  6:34  Protoss Ground Armor Level 1  
  103  6:40  Stalker  
  105  7:09  Zealot x7  
  105  7:10  Zealot, Nexus  
  105  7:13  Probe  
  122  7:18  Gateway  
  122  7:20  Gateway  
  122  7:24  Probe  
  122  7:25  Gateway, Probe x2  
  122  7:26  Gateway  
  122  7:27  Assimilator  
  122  7:29  Assimilator  
  125  7:30  Zealot x3  
  125  7:32  Zealot  
  125  7:36  Probe  
  134  7:37  Probe  
  134  7:43  Pylon  
  134  7:44  Probe  
  136  7:48  Probe  
  136  7:50  Robotics Facility  
  137  7:52  Robotics Bay  
  137  7:53  Probe  
  138  8:07  Probe  
  138  8:08  Immortal  
  143  8:13  Pylon  
  143  8:15  Pylon  
  143  8:20  Probe  
  143  8:24  Stalker  
  143  8:25  Stalker x2, Zealot x6  
  162  8:27  Pylon  
  162  8:40  Zealot  
  164  8:49  Zealot x6  
  164  8:50  Zealot x5  
  186  8:57  Warp Prism  
  166  9:18  Sentry  
  166  9:19  Zealot x10  
  186  9:30  Probe  
  183  9:33  Gravitic Drive  
  183  9:36  Probe  
  180  9:39  Probe  
  167  9:46  Probe  
  167  9:48  Stalker x6  
  167  9:49  Nexus, Zealot x4  
  188  10:02  Assimilator  
  188  10:06  Assimilator  
  188  10:07  Pylon  
  188  10:09  Pylon  
  188  10:10  Pylon, Forge  
  188  10:12  Pylon  
  188  10:25  Probe  
  189  10:33  Pylon  
  189  10:34  Photon Cannon  
  189  10:36  Photon Cannon  
  189  10:37  Photon Cannon  
  189  10:38  Zealot x4  
  189  10:39  Photon Cannon  
  189  10:42  Shield Battery  
  197  10:45  Shield Battery  
  197  10:47  Shield Battery  
  181  11:03  Zealot x11  
Tags
 
Add a new tag
Caveats
  • Supply blocks, unpowered buildings, or Contaminate may cause inaccurate times.
  • Supply counts are checked every 10 seconds.